Map: Dédale EC

Players

Uzikoti - Winner!

  • Race: Terran Terran
  • League: Grandmaster
  • Spawn Location: 1:00

Demi

  • Race: Zerg Zerg
  • Spawn Location: 7:00

VOD

Have the link to the VOD?

Description

Time

  • Played on: Aug. 26, 2018, 11:32 a.m.
  • Length: 8:05
Show
View Real Time Build Order
Export as new Build Order

Uzikoti Terran - Winner!

Build Orders:  

Get SALT Encoding   

  12  0:00  SCV  
  13  0:12  SCV  
  14  0:17  Supply Depot  
  14  0:24  SCV  
  15  0:38  SCV  
  15  0:40  Barracks  
  16  0:42  Refinery  
  16  0:50  SCV  
  17  1:02  SCV  
  18  1:15  SCV  
  19  1:27  Orbital Command, Barracks Reactor  
  19  1:38  Command Center  
  19  1:45  Supply Depot  
  19  1:52  SCV  
  20  2:03  Marine  
  20  2:04  SCV, Marine  
  23  2:09  Factory  
  23  2:16  SCV  
  23  2:18  Refinery  
  23  2:21  Marine x2  
  26  2:32  SCV  
  26  2:34  Ghost Academy  
  27  2:44  SCV  
  27  2:46  Barracks Tech Lab  
  28  2:51  Orbital Command  
  28  2:56  SCV  
  29  3:02  Hellion  
  29  3:03  Ghost  
  33  3:08  SCV  
  33  3:10  Hellion  
  36  3:18  SCV  
  37  3:20  Supply Depot  
  37  3:21  SCV  
  37  3:23  Hellion  
  40  3:30  SCV  
  40  3:32  Ghost  
  40  3:33  SCV  
  44  3:39  Hellion  
  46  3:42  SCV, Supply Depot  
  46  3:47  Hellion  
  49  3:49  SCV  
  49  3:54  SCV  
  51  3:57  Supply Depot  
  51  4:00  Ghost  
  51  4:01  SCV  
  54  4:11  SCV  
  54  4:13  Hellion x2, SCV  
  60  4:17  Starport  
  60  4:21  Supply Depot  
  60  4:22  Supply Depot  
  60  4:24  SCV  
  61  4:27  SCV  
  62  4:36  SCV  
  63  4:39  SCV  
  63  4:41  Ghost  
  63  4:42  Hellion x2  
  63  4:45  Refinery  
  70  4:48  SCV  
  70  4:51  SCV  
  72  4:53  Refinery  
  72  4:56  Starport Reactor  
  72  5:09  SCV  
  72  5:10  Ghost  
  72  5:11  Hellion  
  72  5:12  Hellion, SCV  
  80  5:18  Liberator  
  80  5:21  SCV  
  80  5:22  Supply Depot  
  80  5:23  Supply Depot  
  80  5:25  Supply Depot  
  81  5:32  SCV  
  81  5:35  SCV  
  86  5:43  Ghost  
  86  5:44  Medivac  
  90  5:56  Liberator  
  84  5:59  SCV x2  
  84  6:00  Hellion x2  
  90  6:09  Armory  
  90  6:10  Supply Depot  
  91  6:11  SCV  
  89  6:18  Ghost  
  89  6:22  Hellion x2  
  95  6:37  Command Center  
  95  6:41  Liberator x2  
  95  6:43  Hellion x2  
  99  6:59  Ghost  
  109  7:08  Hellion x2  
  109  7:09  SCV x2  
  108  7:21  SCV  
  109  7:28  Ghost  
  115  7:30  Hellion x2  
Show
View Real Time Build Order
Export as new Build Order

Demi Zerg 

Build Orders: Hatch First 

Get SALT Encoding   

  12  0:03  Drone  
  13  0:14  Overlord  
  13  0:18  Drone  
  14  0:32  Drone x2  
  16  0:50  Hatchery  
  16  0:53  Drone  
  16  0:56  Drone  
  17  0:59  Drone  
  18  1:10  Extractor  
  17  1:14  Spawning Pool  
  17  1:17  Drone  
  17  1:20  Drone  
  18  1:29  Drone  
  19  1:40  Drone  
  20  1:51  Overlord  
  20  2:01  Queen x2  
  20  2:02  Zergling x2  
  20  2:03  Zergling x2  
  26  2:10  Metabolic Boost  
  26  2:14  Drone  
  27  2:17  Overlord  
  27  2:23  Drone x2  
  29  2:36  Drone  
  30  2:37  Queen, Drone  
  33  2:44  Drone  
  33  2:45  Drone  
  35  2:54  Pneumatized Carapace  
  35  2:56  Drone x2  
  37  3:07  Overlord  
  37  3:12  Drone  
  38  3:13  Drone x6  
  44  3:26  Hatchery  
  43  3:29  Drone  
  43  3:30  Drone  
  45  3:38  Overlord  
  45  3:42  Queen  
  45  3:44  Overlord, Drone  
  45  3:48  Queen  
  50  3:52  Roach Warren  
  49  3:56  Zergling x6  
  49  4:02  Overlord x2  
  52  4:05  Extractor  
  52  4:07  Extractor  
  52  4:08  Zergling x4  
  50  4:14  Overlord  
  50  4:15  Drone x2  
  52  4:18  Overlord  
  52  4:19  Drone  
  53  4:33  Roach  
  53  4:34  Roach x4  
  53  4:36  Queen  
  65  4:41  Roach x2  
  68  4:54  Drone x4  
  68  4:55  Ravager  
  68  4:59  Roach x2  
  75  5:11  Drone x3  
  75  5:12  Roach x3, Zergling x2  
  75  5:13  Zergling x4  
  83  5:17  Ravager  
  83  5:20  Queen  
  86  5:24  Overlord x2  
  86  5:30  Ravager  
  86  5:31  Zergling x2  
  86  5:32  Zergling x6  
  91  5:40  Ravager  
  92  5:43  Drone x2  
  92  5:44  Drone x2  
  92  5:49  Roach x3, Zergling x2  
  99  5:57  Drone x4  
  99  5:58  Drone  
  99  5:59  Lair  
  104  6:05  Drone x3  
  104  6:06  Drone  
  104  6:09  Overlord  
  108  6:18  Overlord x3  
  103  6:25  Evolution Chamber  
  103  6:26  Evolution Chamber  
  103  6:29  Zergling x2, Ravager  
  103  6:30  Zergling x6  
  103  6:32  Extractor  
  105  6:33  Extractor, Drone  
  105  6:34  Drone  
  105  6:35  Drone  
  105  6:38  Drone  
  105  6:39  Drone x2  
  111  6:40  Drone  
  111  6:44  Extractor, Hatchery  
  111  6:47  Ravager x2  
  106  6:59  Roach x3, Zergling x2  
  106  7:00  Zergling x14  
  110  7:01  Ravager  
  110  7:02  Ravager  
  110  7:03  Queen  
  114  7:09  Drone x3  
  117  7:19  Overlord x3  
  113  7:31  Ravager  
  113  7:36  Roach x5  
  99  7:44  Roach  
  99  7:45  Zergling x6  
  99  7:46  Ravager x2  
  99  7:47  Ravager  
Tags
 
Matchup
TvZ
Player
Demi
Spawn Locations
Cross Positions
Add a new tag
Caveats
  • Supply blocks, unpowered buildings, or Contaminate may cause inaccurate times.
  • Supply counts are checked every 10 seconds.